 Dungeon Crawl Stone Soup version 0.22.1-1-ga44c0e5 (webtiles) character file.

4182 Iscandelvey the Thaumaturge (level 9, -6/64 HPs)
             Began as a Demigod Conjurer on Sept 29, 2018.
             Killed from afar by a gargoyle (24 damage)
             ... with a stone arrow
             ... on level 7 of the Dungeon.
             The game lasted 00:48:51 (9235 turns).

Iscandelvey the Thaumaturge (Demigod Conjurer)      Turns: 9235, Time: 00:48:52

Health: -6/64      AC:  5    Str: 11    XL:     9   Next: 81%
Magic:  23/26      EV: 12    Int: 25    God:
Gold:   565        SH:  0    Dex: 16    Spells: 16/26 levels left

rFire    . . .     SeeInvis .   n - -3 whip (curse)
rCold    . . .     Gourm    .   (no shield)
rNeg     . . .     Faith    .   p - +0 leather armour (curse)
rPois    .         Spirit   .   (no helmet)
rElec    .         Reflect  .   (no cloak)
rCorr    .         Harm     +   w - +0 pair of gloves
MR       .....                  E - +0 pair of boots (curse)
Stlth    ++........             r - amulet of harm
HPRegen  0.20/turn              b - ring of wizardry
MPRegen  0.20/turn              (no ring)

@: no status effects
A: high mp 1
a: no special abilities


You were on level 7 of the Dungeon.
You were not hungry.

You visited 1 branch of the dungeon, and saw 8 of its levels.

You collected 565 gold pieces.

Inventory:

Hand Weapons
 i - a +0 short sword
 n - a cursed -3 whip (weapon)
 s - a +0 flail of protection
 A - a +2 short sword of holy wrath
 B - a +0 hand axe of freezing
 F - a +0 whip of flaming
 J - a +0 quarterstaff of protection
 L - a +0 dagger of chaos
 N - a +0 mace of draining
Armour
 a - a +0 robe
 p - a cursed +0 leather armour (worn)
 w - a +0 pair of gloves (worn)
 E - a cursed +0 pair of boots (worn)
Jewellery
 b - a ring of wizardry (left hand)
 r - an amulet of harm (around neck)
 C - an uncursed ring of resist corrosion {unknown}
Wands
 y - a wand of acid (2)
 D - a wand of random effects (29)
 H - a wand of flame (23)
 I - a wand of iceblast (6)
Scrolls
 e - 4 scrolls of teleportation {unknown}
 g - 3 scrolls of enchant armour {unknown}
 h - 4 scrolls of remove curse {unknown}
 l - 9 scrolls of identify {unknown}
 t - a scroll of amnesia {unknown}
 u - 2 scrolls of immolation {unknown}
 z - a scroll of fog {unknown}
 G - a scroll of blinking {unknown}
 O - a scroll of brand weapon {unknown}
Potions
 d - a potion of brilliance {unknown}
 f - 4 potions of curing
 j - a potion of mutation {unknown}
 k - 3 potions of degeneration {unknown}
 m - 3 potions of heal wounds {unknown}
 o - 2 potions of might {unknown}
 q - a potion of lignification {unknown}
 v - 2 potions of ambrosia {unknown}
 x - 2 potions of flight {unknown}
 M - a potion of agility {unknown}
Comestibles
 c - 15 rations


   Skills:
 + Level 1.5 Fighting
 + Level 0.7 Short Blades
 - Level 4.0 Armour
 + Level 2.4 Dodging
 - Level 2.0 Stealth
 * Level 9.0 Spellcasting
 + Level 8.2 Conjurations
 + Level 2.3 Hexes


You had 16 spell levels left.
You knew the following spells:

 Your Spells              Type           Power        Failure   Level  Hunger
a - Magic Dart            Conj           ####         1%          1    None
b - Searing Ray           Conj           ######       1%          2    None
c - Dazzling Spray        Conj/Hex       #####.       1%          3    None
d - Fulminant Prism       Conj/Hex       #####.....   3%          4    ##.....

Your spell library contained the following spells:

 Spells                   Type           Power        Failure   Level  Hunger
 Iskenderun's Mystic Bla  Conj           ######..     1%          4    ##.....
 Force Lance              Conj/Tloc      ####....     5%          4    ##.....


Dungeon Overview and Level Annotations

Branches:
Dungeon (8/15)             Temple (0/1) D:4
   Lair: D:8-11

Shops:
D:4 }


Innate Abilities, Weirdness & Mutations

You have an increased reservoir of magic. (+10% MP)


Message History

The gargoyle hurls a stone arrow at you.
The stone arrow hits you!
* * * LOW HITPOINT WARNING * * *
Casting: Dazzling Spray (safe; 1% risk of failure)
Confirm with . or Enter, or press ? or * to list all spells.
Okay, then.
Okay, then.
Okay, then.
There is a stone staircase leading up here.
The gargoyle hurls a stone arrow at you.
The stone arrow misses you.
You climb upwards.
There is a stone staircase leading down here.
Casting: Dazzling Spray (safe; 1% risk of failure)
Confirm with . or Enter, or press ? or * to list all spells.
Okay, then.
It was a potion of curing.
You feel better.
The gargoyle hurls a stone arrow at you.
The stone arrow hits you!
You die...

####....######..............#####
....##### ##....................
.#### ##..................... ##
##.................#####
##..................# ######
#...................# .....##
#...................# ......#
##.......9..........# ......##
#......@..........## .......#
##..............>.# .......##
#####............# ..(.....#
############.# ........# #..#
........# #.## .......##
#########.# .......#
###.........# ### ......##
#...........# ##.#


You could see a gargoyle.

Vanquished Creatures
  Pikel (D:6)
  Joseph (D:8)
  Psyche (D:8)
  A hippogriff (D:8)
  A yak (D:6)
  A soldier ant (D:6)
  2 ice beasts (D:5)
  2 slaves (D:6)
  2 sky beasts
  A phantom (D:5)
  7 ogres
  A centaur (D:6)
  Blork the orc (D:6)
  A big kobold (D:7)
  2 bullfrogs
  4 killer bees
  2 howler monkeys (D:6)
  A bullfrog zombie (D:6)
  A crimson imp (D:7)
  A jelly (D:8)
  A centaur zombie (D:6)
  8 orc priests
  A centaur skeleton (D:4)
  6 orc wizards
  2 iguanas
  7 worker ants
  A howler monkey zombie (D:7)
  12 adders
  A shadow imp (D:7)
  3 oozes
  An adder skeleton (D:6)
  A worm (D:6)
  A dart slug (D:2)
  5 leopard geckos
  19 orcs
  A ball python (D:4)
  5 bats
  3 giant cockroaches
  10 goblins
  10 hobgoblins
  11 jackals
  5 quokkas
  6 frilled lizards
  A jackal skeleton (D:4)
  10 kobolds
  2 leopard gecko skeletons
  A quokka zombie (D:6)
  4 rats
172 creatures vanquished.

Vanquished Creatures (others)
  2 slaves (D:6)
  An orc priest (D:6)
  16 fulminant prisms
19 creatures vanquished.

Grand Total: 191 creatures vanquished

Notes
Turn   | Place    | Note
-------+----------+-------------------------------------------
     0 | D:1      | Iscandelvey the Demigod Conjurer began the quest for the
                  | Orb.
     0 | D:1      | Reached XP level 1. HP: 14/14 MP: 5/5
   238 | D:1      | Reached XP level 2. HP: 20/20 MP: 4/7
   778 | D:2      | Reached XP level 3. HP: 23/26 MP: 3/8
   923 | D:2      | Reached skill level 2 in Spellcasting
  1406 | D:2      | Reached XP level 4. HP: 29/33 MP: 4/10
  1617 | D:2      | Found a hazy altar of Hepliaklqana.
  1641 | D:2      | Reached skill level 5 in Conjurations
  2306 | D:3      | Learned a level 2 spell: Searing Ray
  3162 | D:4      | Found a staircase to the Ecumenical Temple.
  3172 | D:4      | Reached XP level 5. HP: 21/39 MP: 4/12
  3338 | D:4      | Reached skill level 3 in Spellcasting
  3645 | D:4      | Found Nearhaill's Gadget Emporium.
  3720 | D:4      | Reached skill level 1 in Armour
  3824 | D:4      | Reached XP level 6. HP: 46/46 MP: 6/14
  4495 | D:4      | Learned a level 3 spell: Dazzling Spray
  4662 | D:5      | Entered Level 5 of the Dungeon
  4662 | D:5      | Found a sparkling altar of Nemelex Xobeh.
  4899 | D:5      | Reached skill level 4 in Spellcasting
  4899 | D:5      | Reached XP level 7. HP: 51/51 MP: 7/16
  5566 | D:5      | Reached skill level 5 in Spellcasting
  5638 | D:6      | Noticed Blork the orc
  5644 | D:6      | Killed Blork the orc
  5843 | D:6      | Noticed Pikel
  5851 | D:6      | Reached skill level 1 in Fighting
  5851 | D:6      | Reached XP level 8. HP: 54/59 MP: 7/19
  5854 | D:6      | Killed Pikel
  5854 | D:6      | Reached skill level 6 in Spellcasting
  6414 | D:6      | Reached skill level 7 in Spellcasting
  6489 | D:6      | Reached skill level 1 in Hexes
  6548 | D:6      | Reached XP level 9. HP: 64/64 MP: 9/23
  6846 | D:6      | Found a deep blue altar of Sif Muna.
  7258 | D:6      | Learned a level 4 spell: Fulminant Prism
  7467 | D:7      | Reached skill level 8 in Spellcasting
  8393 | D:8      | Noticed Psyche
  8396 | D:8      | Noticed Joseph
  8399 | D:8      | Killed Psyche
  8412 | D:8      | Killed Joseph
  8673 | D:8      | Found a shadowy altar of Dithmenos.
  8675 | D:8      | Found a stormy altar of Qazlal.
  8810 | D:8      | Reached skill level 9 in Spellcasting
  9094 | D:8      | Found a hide-covered altar of Uskayaw.
  9214 | D:8      | Noticed a gargoyle
  9220 | D:8      | Noticed a gargoyle
  9220 | D:8      | Noticed a gargoyle
  9220 | D:8      | Noticed a gargoyle
  9235 | D:7      | Killed from afar by a gargoyle

Skill      XL: |  1  2  3  4  5  6  7  8  9 |
---------------+----------------------------+-----
Conjurations   | 4 5 6 7 8 |  8.2
Spellcasting   | 2 3 4 5 7 9 |  9.0
Stealth        | 2 |  2.0
Dodging        | 2 |  2.4
Armour         | 1 2 3 4 |  4.0
Fighting       | 1 |  1.5
Hexes          | 1 2 |  2.3
Short Blades   | |  0.7

Action                   |  1- 3 |  4- 6 |  7- 9 || total
-------------------------+-------+-------+-------++-------
Melee: Short sword       |    26 |    25 |       ||    51
       Whip              |       |    19 |     5 ||    24
 Cast: Magic Dart        |    70 |    68 |    75 ||   213
       Searing Ray       |       |    40 |    36 ||    76
       Dazzling Spray    |       |     2 |    34 ||    36
       Fulminant Prism   |       |       |    16 ||    16
  Use: Potion            |       |       |     1 ||     1
  Eat: Chunk             |     2 |    12 |    15 ||    29
Armor: Robe              |     5 |     5 |       ||    10
       Leather armour    |       |     5 |    10 ||    15
Dodge: Dodged            |    23 |    36 |    37 ||    96
